 Dungeon Crawl Stone Soup version 0.17.1-3-g152610e (webtiles) character file.

963 Romlok the Grave Robber (level 8, -3/39 HPs)
             Began as a Vine Stalker Necromancer on Apr 21, 2016.
             Slain by a water moccasin (4 damage)
             ... on level 5 of the Dungeon.
             The game lasted 01:06:35 (4370 turns).

Romlok the Grave Robber (Vine Stalker Necromancer)  Turns: 4370, Time: 01:06:35

Health: -3/39      AC:  2    Str: 11    XL:     8   Next: 15%
Magic:  0/15       EV: 12    Int: 15    God:
Gold:   350        SH:  0    Dex: 17    Spells: 4 memorised, 7 levels left

rFire  . . .     SeeInvis .     a - +1 falchion (flame)
rCold  . . .     Clarity  .     e - +0 robe
rNeg   . . .     SustAt   .     (no shield)
rPois  .         Gourm    .     (no helmet)
rElec  .         Spirit   +     (no cloak)
rCorr  .         Warding  .     (no gloves)
rMut   .         Stasis   .     (no boots)
MR     +....                    (no amulet)
Stlth  ++........               (no ring)
                                o - ring of wizardry

@: somewhat resistant to hostile enchantments, unstealthy
A: fangs 3, mutation resistance 1, regeneration 2, magic shield, antimagic bite,
no device heal 3, rot immunity
a: no special abilities


You were on level 5 of the Dungeon.
You were hungry.

You visited 1 branch of the dungeon, and saw 5 of its levels.
You also visited: Sewer.

You collected 350 gold pieces.

Inventory:

Hand Weapons
 a - a +1 falchion of flaming (weapon)
 b - a +0 dagger
 d - a +1 vampiric dagger
Missiles
 h - 233 stones (quivered)
Armour
 e - a +0 robe (worn)
Jewellery
 o - a ring of wizardry (left hand)
Scrolls
 f - a scroll of noise {unknown}
 j - 2 scrolls of teleportation
 l - 6 scrolls of identify
Potions
 g - a potion of flight
 k - 2 potions of haste
 n - 2 potions of curing
 r - 2 potions of resistance
 u - a potion of agility
Books
 q - a book of Necromancy

   Spells                             Type                      Level
   a - Pain                           Necromancy                   1
   b - Animate Skeleton               Necromancy                   1
   c - Vampiric Draining              Necromancy                   3
   d - Regeneration                   Charms/Necromancy            3
   e - Animate Dead                   Necromancy                   4
   f - Control Undead                 Necromancy                   4
 t - a book of Unlife

   Spells                             Type                      Level
   a - Recall                         Summoning/Translocation      3
   b - Animate Dead                   Necromancy                   4
   c - Control Undead                 Necromancy                   4
   d - Cigotuvi's Embrace             Necromancy                   5
   e - Death Channel                  Necromancy                   6
   f - Simulacrum                     Ice/Necromancy               6
Comestibles
 c - 3 bread rations
 i - 2 meat rations
 p - a royal jelly
 s - 3 beef jerkies


   Skills:
 - Level 2.1 Fighting
 * Level 5.0 Long Blades
 - Level 1.5 Dodging
 - Level 2.4 Stealth
 - Level 4.0 Spellcasting
 + Level 6.8 Necromancy


You had 7 spell levels left.
You knew the following spells:

 Your Spells              Type           Power        Failure   Level  Hunger
a - Pain                  Necr           ###.         1%          1    None
b - Animate Skeleton      Necr           N/A          1%          1    None
d - Vampiric Draining     Necr           ###.......   1%          3    ###....
r - Regeneration          Chrm/Necr      ##........   7%          3    ###....


Dungeon Overview and Level Annotations

Branches:
Dungeon (5/15)
 Temple: D:4-7

Altars:
Cheibriados
Dithmenos
Kikubaaqudgha
Beogh

Annotations:
D:2 firey watery passage


Innate Abilities, Weirdness & Mutations

You have razor-sharp teeth.
You heal very quickly.
When hurt, damage is shared between your health and your magic reserves.
Your bite disrupts and absorbs the magic of your enemies.
Potions and wands cannot restore your health.
You are immune to rotting.
You are somewhat resistant to further mutation.


Message History

Confirm with . or Enter, or press ? or * to list all spells.
You don't have enough magic to cast that spell.
You hit the water moccasin. You burn the water moccasin.
The water moccasin is severely wounded.
* * * LOW HITPOINT WARNING * * *
You feel sick.
The water moccasin bites you but does no damage.
You hit the water moccasin. You burn the water moccasin.
Your bite misses the water moccasin.
The water moccasin is almost dead.
* * * LOW HITPOINT WARNING * * *
You feel sick. The water moccasin barely misses you.
The water moccasin misses you.
You hit the water moccasin. You burn the water moccasin.
The water moccasin is almost dead.
* * * LOW HITPOINT WARNING * * *
You feel sick. The water moccasin closely misses you.
Drink which item? (? for menu, Esc to quit)
You feel better. The water moccasin bites you.
You die...

##......# #.).###....
#########..## #
##..........#
#...###....##
#...####...##
#...........##
###..##......######...
########....@)(....#
##....S[....# #
#............ ##
##........###. .#####
##........##
.....#####.........#
...................#
...............#...#
.............####..#


You could see a water moccasin.

Vanquished Creatures
  2 sky beasts (D:5)
  2 centaurs (D:5)
  A crocodile (Sewer)
  2 scorpions
  A crimson imp (D:5)
  2 orc priests (D:3)
  A centaur skeleton (D:5)
  3 orc wizards
  A worker ant (D:5)
  An iguana (D:4)
  A hound skeleton (D:5)
  A worker ant zombie (D:5)
  A river rat (D:3)
  7 adders
  2 shadow imps (D:5)
  4 worms
  4 giant geckos
  13 orcs
  A ball python (D:2)
  10 bats
  6 goblins
  5 hobgoblins
  5 jackals (D:3)
  3 kobolds
  A quokka (D:3)
  A giant cockroach (D:3)
  2 giant gecko skeletons
  8 giant newts
  6 rats
97 creatures vanquished.

Vanquished Creatures (collateral kills)
  A river rat (D:3)
  An ooze (D:3)
  2 worms
  An orc (D:3)
  A bat (D:1)
  2 giant cockroaches (D:3)
  A goblin (D:2)
  A hobgoblin (D:2)
10 creatures vanquished.

Grand Total: 107 creatures vanquished

Notes
Turn   | Place    | Note
--------------------------------------------------------------
     0 | D:1      | Romlok the Vine Stalker Necromancer began the quest for the Orb.
     0 | D:1      | Reached XP level 1. HP: 9/9 MP: 4/4
    19 | D:1      | Learned a level 1 spell: Animate Skeleton
   110 | D:1      | Reached XP level 2. HP: 14/14 MP: 4/6
   752 | D:2      | Reached XP level 3. HP: 14/17 MP: 3/7
   905 | D:2      | Found a snail-covered altar of Cheibriados.
   964 | D:2      | Gained mutation: You are somewhat resistant to further mutation. [potion of mutation]
   993 | D:2      | Reached skill level 1 in Fighting
  1220 | D:2      | Reached XP level 4. HP: 19/22 MP: 7/9
  1700 | D:3      | Found a shadowy altar of Dithmenos.
  1780 | D:3      | Found a glowing drain.
  1986 | Sewer    | Entered a sewer
  1995 | Sewer    | Reached XP level 5. HP: 23/25 MP: 8/11
  2000 | Sewer    | Reached skill level 5 in Necromancy
  2020 | Sewer    | Noticed a crocodile
  2053 | Sewer    | Killed a crocodile
  2058 | Sewer    | Learned a level 3 spell: Regeneration
  2062 | Sewer    | Learned a level 3 spell: Vampiric Draining
  2326 | D:3      | Reached skill level 1 in Long Blades
  2326 | D:3      | Gained mutation: You heal very quickly. [Vine Stalker growth]
  2326 | D:3      | Reached XP level 6. HP: 19/30 MP: 4/13
  2421 | D:3      | Found a roughly hewn altar of Beogh.
  2939 | D:4      | Found an ancient bone altar of Kikubaaqudgha.
  3460 | D:4      | Reached XP level 7. HP: 30/35 MP: 11/14
  3732 | D:5      | Entered Level 5 of the Dungeon
  3738 | D:5      | Reached skill level 6 in Necromancy
  4244 | D:5      | Gained mutation: You have razor-sharp teeth. [Vine Stalker growth]
  4244 | D:5      | Reached XP level 8. HP: 30/39 MP: 7/15
  4363 | D:5      | Reached skill level 5 in Long Blades
  4368 | D:5      | HP: 1/39 [poisoned by a water moccasin]
  4370 | D:5      | Slain by a water moccasin

Action                   |  1- 3 |  4- 6 |  7- 9 || total
-------------------------+-------+-------+-------++-------
Melee: Unarmed           |    10 |       |       ||    10
       Club              |    31 |    41 |       ||    72
       Dagger            |       |    12 |       ||    12
       Falchion          |       |    51 |    99 ||   150
Throw: Stone             |       |     3 |     2 ||     5
 Cast: Pain              |    38 |    59 |     9 ||   106
       Animate Skeleton  |    17 |    34 |       ||    51
       Vampiric Draining |       |     1 |     1 ||     2
  Use: Potion            |     5 |     3 |     1 ||     9
       Scroll            |     2 |     4 |     1 ||     7
 Stab: Sleeping          |     4 |     4 |     4 ||    12
       Distracted        |       |     2 |       ||     2
  Eat: Chunk             |     2 |     7 |     1 ||    10
       Pizza             |       |       |     1 ||     1
